 Dungeon Crawl Stone Soup version 0.31-a0-1074-g0b22e4e0f1 (webtiles) character file.

Game seed: 3726267997989422276

2642 dialectric the Covert (level 9, -2/47 HPs)
             Began as a Spriggan Delver on Nov 26, 2023.
             Was an Initiate of Dithmenos.
             Shot with a bolt by an orc (8 damage)
             ... in a bailey on Nov 27, 2023.
             The game lasted 00:12:01 (6756 turns).

dialectric the Covert (Spriggan Delver)             Turns: 6756, Time: 00:12:01

Health: -2/47      AC:  2    Str: 12    XL:     9   Next: 35%
Magic:  10/10      EV: 22    Int: 10    God:    Dithmenos [......]
Gold:   409        SH:  0    Dex: 18    Spells: 1/8 levels left

rFire   . . .        k - +1 dagger (venom)
rCold   . . .        (no shield)
rNeg    . . .        b - +0 robe
rPois   +            (helmet restricted)
rElec   .            (no cloak)
rCorr   .            (gloves unavailable)
SInv    +            (boots unavailable)
Will    ++...        (no amulet)
Stlth   ++           h - ring of poison resistance
HPRegen 0.27/turn    f - ring of willpower
MPRegen 0.12/turn

%: no passive effects
@: confused, ambrosia-drunk, very quick
A: very small, no large weapons, unfitting armour, see invisible, speed 3,
clumsy 1, strong 1, inability to drink after injury 1
a: Renounce Religion


You were in a bailey.
You worshipped Dithmenos.
Dithmenos was noncommittal.
You visited 2 branches of the dungeon, and saw 8 of its levels.
You also visited: Bailey.

You collected 451 gold pieces.
You spent 42 gold pieces at shops.

Inventory:

Hand Weapons
 a - a +0 short sword of electrocution
 k - a +1 dagger of venom (weapon)
Missiles
 t - 23 poisoned darts (quivered)
Armour
 b - a +0 robe (worn)
Jewellery
 f - a ring of willpower (right hand)
 h - a ring of poison resistance (left hand)
 o - a ring of magical power
 p - a ring of magical power
Wands
 g - a wand of digging (3)
 j - a wand of flame (65)
 s - a wand of mindburst (3)
 v - a wand of roots (7)
Scrolls
 c - a scroll of fog
 d - 4 scrolls of revelation
 e - 2 scrolls of immolation
 i - a scroll of poison {unknown}
 l - a scroll of enchant weapon {unknown}
 m - a scroll of teleportation {unknown}
 n - a scroll of brand weapon
 q - a scroll of torment {unknown}
 w - a scroll of identify {unknown}
Potions
 u - 2 potions of curing


   Skills:
 + Level 5.4 Fighting
 + Level 6.8 Short Blades
 + Level 8.2 Dodging
 * Level 13.7 Stealth


You had one spell level left.
You knew the following spells:

 Your Spells              Type           Power      Damage    Failure   Level
a - Orb of Destruction    Conj           0%         9d5       100%        7

Your spell library contained the following spells:

 Spells                   Type           Power      Damage    Failure   Level
 Magic Dart               Conj           0%         1d3       36%         1
 Call Imp                 Summ           0%         N/A       50%         2
 Mephitic Cloud           Conj/Pois/Air  0%         N/A       75%         3
 Summon Guardian Golem    Hex/Summ       0%         N/A       75%         3
 Spellforged Servitor     Conj/Summ      0%         N/A       100%        7


Dungeon Overview and Level Annotations

Branches:
Dungeon (8/15)             Temple (1/1) D:7          Bailey (1/1)
   Lair: D:8-11

Altars:
Cheibriados
Dithmenos
Elyvilon
Fedhas
Gozag
Kikubaaqudgha
Makhleb
Nemelex Xobeh
Okawaru
Qazlal
Trog
Vehumet
Wu Jian
Xom
Zin

Shops:
D:2 *[(!!   D:4 (   D:7 :

Annotations:
D:7 2 transporters, osoart's ghost, novice SpVM


Innate Abilities, Weirdness & Mutations

You are very small and have problems with some larger weapons.
You are too small for most types of armour.
You have supernaturally acute eyesight. (SInv)
You cover ground extremely quickly. (Speed+++)
You are clumsy. (Dex -2)
Your muscles are strong. (Str +4, Int/Dex -1)
You occasionally lose the ability to drink potions when taking damage.


Message History

You enter a bailey!
Found a gate leading back out of this place.
There is an empty arch of ancient stone here.
Unknown command.
HP restored.
An orc comes into view. It is wielding a +0 arbalest.
No reachable target in view!
An orc is nearby!
No reachable target in view!
An orc is nearby!
No reachable target in view!
An orc warrior and an orc come into view.
Found a gate leading back out of this place.
The orc shouts!
You hear a shout! x2
An orc comes into view. It is wielding a +0 arbalest.
The orc shoots a bolt.
The bolt misses you.
The orc shoots a bolt.
The bolt closely misses you.
The orc shoots a bolt.
The bolt misses you.
The orc shoots a bolt.
The bolt misses you.
The orc shoots a bolt.
The bolt barely misses you.
The orc shoots a bolt.
The bolt completely misses you.
The orc shoots a bolt.
The bolt closely misses you.
The orc shoots a bolt.
The bolt hits you.
The orc shoots a bolt.
The bolt completely misses you.
The orc shoots a bolt.
The bolt barely misses you.
The orc shoots a bolt.
The bolt closely misses you.
The orc shoots a bolt.
The bolt misses you.
The orc shoots a bolt.
The bolt hits you.
The orc shoots a bolt.
The bolt hits you!
The orc shoots a bolt.
The bolt completely misses you.
The orc shoots a bolt.
The bolt misses you.
The orc shoots a bolt.
The bolt misses you.
The orc shoots a bolt.
The bolt hits you!
* * * LOW HITPOINT WARNING * * *
The orc shoots a bolt.
The bolt completely misses you.
The orc shoots a bolt.
The bolt hits you!
* * * LOW HITPOINT WARNING * * *
You are confused.
You feel invigorated.
The orc shoots a bolt.
The bolt hits you!
You die...

#######################
.....................∩#
................@...∩.#
......................#
......................#
~~~~~~~~~~~≈≈≈≈≈~.....#
~~~~~~~~~o≈≈###≈≈.....#
~~~~~~~~~o≈##.##≈.....#
~~~~~~~~~~o....#≈.....#
~~~~~~~~~~≈#∩.##≈.....#
≈≈.....#


You could see 2 orcs.

Vanquished Creatures
  Pikel (D:4)
  A hornet (D:8)
  2 sky beasts
  A water moccasin (D:7)
  2 black bears
  3 ogres
  3 centaurs (D:8)
  Blork the orc (D:6)
  A kobold brigand (D:7)
  2 bullfrogs (D:7)
  2 scorpions (D:4)
  3 orc priests
  2 hounds
  5 sleepcaps
  Jessica (D:2)
  2 orc wizards (D:7)
  2 iguanas (D:7)
  4 gnolls
  5 adders
  2 shadow imps
  2 ufetubi (D:3)
  2 worms (D:2)
  13 orcs
  4 ball pythons
  A bat (D:2)
  An endoplasm (D:3)
  3 giant cockroaches
  25 goblins
  23 hobgoblins
  4 jackals (D:4)
  14 kobolds
  4 quokkas
  2 frilled lizards
  A rat (D:2)
144 creatures vanquished.

Vanquished Creatures (others)
  An orc wizard (D:8)
  An orc (D:7)
2 creatures vanquished.

Grand Total: 146 creatures vanquished

Notes
Turn   | Place    | Note
-------+----------+-------------------------------------------
     0 | D:5      | dialectric the Spriggan Delver began the quest for the Orb.
     0 | D:5      | Reached XP level 1. HP: 11/11 MP: 2/2
    91 | D:5      | Noticed an orc priest
   103 | D:5      | Noticed an ogre
   147 | D:5      | Killed an ogre
   148 | D:5      | Reached XP level 2. HP: 16/16 MP: 3/3
   148 | D:5      | Reached XP level 3. HP: 20/20 MP: 4/4
   148 | D:5      | Reached XP level 4. HP: 24/24 MP: 5/5
   195 | D:4      | Reached skill level 8 in Stealth
   199 | D:4      | Noticed a scorpion
   219 | D:4      | Noticed a lemure
   220 | D:4      | Noticed a lemure
   220 | D:4      | Noticed a lemure
   291 | D:4      | Noticed a scorpion
   298 | D:4      | Killed a scorpion
   299 | D:4      | Reached XP level 5. HP: 28/28 MP: 6/6
   469 | D:4      | Noticed a black bear
   536 | D:4      | Noticed Pikel
   542 | D:4      | Noticed a lemure
   686 | D:2      | Found Tuisaoja's Antique Weapon Shop.
   719 | D:2      | Found Mol Usun's Armour Shop.
   841 | D:2      | Found Mid Jexi's Distillery.
   848 | D:2      | Bought a potion of curing for 42 gold pieces
   859 | D:2      | Found Cemur's Distillery.
   942 | D:2      | Noticed Jessica
   951 | D:2      | Killed Jessica
   952 | D:2      | Gained mutation: You are clumsy. (Dex -2) [potion of
                  | mutation]
   952 | D:2      | Gained mutation: You occasionally lose the ability to drink
                  | potions when taking damage. [potion of mutation]
   952 | D:2      | Gained mutation: Your muscles are strong. (Str +4, Int/Dex
                  | -1) [potion of mutation]
  1078 | D:2      | Found Yluiw's Assorted Antiques.
  1136 | D:2      | Found a faded altar of an unknown god.
  1798 | D:3      | Reached XP level 6. HP: 30/32 MP: 7/7
  2288 | D:3      | Reached skill level 5 in Dodging
  2578 | D:3      | Reached skill level 9 in Stealth
  3054 | D:4      | Killed Pikel
  3055 | D:4      | Reached skill level 10 in Stealth
  3055 | D:4      | Reached XP level 7. HP: 26/37 MP: 8/8
  3134 | D:4      | Reached skill level 5 in Short Blades
  3324 | D:4      | Found Zimuom's Antique Weapon Shoppe.
  3344 | D:4      | Reached XP level 8. HP: 34/42 MP: 9/9
  3629 | D:5      | Reached skill level 11 in Stealth
  3983 | D:6      | Noticed Blork the orc
  3995 | D:6      | Killed Blork the orc
  4324 | D:6      | Identified the +5 shortbow of Lies {heavy, rCorr Str-2
                  | Int+6}
  4670 | D:7      | Reached skill level 12 in Stealth
  4740 | D:7      | Found a stormy altar of Qazlal.
  4769 | D:7      | Noticed an air elemental
  4868 | D:7      | Found a staircase to the Ecumenical Temple.
  4913 | Temple   | Entered the Ecumenical Temple
  4930 | Temple   | Became a worshipper of Dithmenos the Shadowed
  5077 | D:7      | Noticed a centaur warrior
  5079 | D:7      | Found a transporter.
  5095 | D:7      | Noticed osoart's ghost (novice SpVM)
  5116 | D:7      | Found a transporter.
  5339 | D:7      | Reached skill level 5 in Fighting
  5443 | D:7      | Found Ulol Deu's Tremendous Tomes.
  5502 | D:7      | Learned a level 7 spell: Orb of Destruction
  5587 | D:7      | Found an opulent altar of Gozag.
  5591 | D:7      | Found an iron altar of Okawaru.
  5614 | D:7      | Reached XP level 9. HP: 16/47 MP: 10/10
  5623 | D:7      | Reached skill level 13 in Stealth
  6630 | D:8      | Found a flagged portal.
  6682 | Bailey   | Entered a bailey
  6755 | Bailey   | HP: 1/47 [orc/bolt (10)]
  6756 | Bailey   | Shot with a bolt by an orc

Illustrated notes

Levels and vault maps discovered:
D:2:      layout_basic, serial_shops, shop, shop, shop_fountains,
          nicolae_shop_window_shopping, shop_fountains,
          nicolae_ecumenical_lake_church, minmay_misc_feat_square, uniq_jessica
D:3:      minmay_goblin_kobold_castle, layout_rooms
D:4:      layout_loops_ring, serial_shops, nicolae_shop_stone, uniq_pikel
D:5:      layout_basic, nicolae_ossuary_entry_ruins, uniq_duvessa
D:6:      layout_loops_ring, grunt_temple_overflow_holy_war,
          mainiacjoe_overflow_two_lobes, amcnicky_mini_corridor_feature,
          uniq_blork_the_orc
D:7:      layout_gridville, nicolae_qazlal_style_of_elements,
          grunt_temple_overflow_open, minmay_temple_entry_drinking_statues,
          gammafunk_ghost_arena, nicolae_shop_i_like_big_books,
          serial_library_regret_index_multi
D:8:      layout_gridville, mainiacjoe_overflow_tiny_flanked,
          ashenzari_conservatory_becter, enter_bailey_2, chequers_garden
Temple:   hellmonk_temple_forest_ring
Bailey:   bailey_polearm_2, bailey

Skill      XL: |  1  2  3  4  5  6  7  8  9 |
---------------+----------------------------+-----
Fighting       | 3 4 5 |  5.4
Short Blades   | 3 4 5 6 |  6.8
Dodging        | 3 4 6 7 8 |  8.2
Stealth        | 8 10 12 13 | 13.7

Action                     |  1- 3 |  4- 6 |  7- 9 || total
---------------------------+-------+-------+-------++-------
  Melee: Short sword       |     1 |    80 |       ||    81
         Punch             |       |     4 |     5 ||     9
         Dagger            |       |   205 |   300 ||   505
  Throw: Dart              |       |       |     5 ||     5
  Evoke: Wand              |       |       |     2 ||     2
    Use: Potion            |       |     5 |     1 ||     6
         Scroll            |       |     1 |     2 ||     3
   Stab: Sleeping          |     1 |    14 |    11 ||    26
 Armour: Robe              |       |    90 |    94 ||   184
  Dodge: Dodged            |       |   302 |   273 ||   575

Table legend: (Time is in decaauts)
 A = Elapsed time spent in this place.
 B = Non-inter-level travel time spent in this place.
 C = Inter-level travel time spent in this place.
 D = Time resting spent in this place.
 E = Time spent auto-exploring this place.
 F = Levels seen in this place.
 G = Mean time per level.
                   A        B        C        D        E       F      G
               +--------+--------+--------+--------+--------+-----+--------+
         Total |   4997 |   4816 |    181 |    539 |   2864 |   9 |  555.2 |
       Dungeon |   4914 |   4751 |    163 |    539 |   2820 |   7 |  702.0 |
        Temple |     20 |      2 |     18 |      0 |      0 |   1 |   20.0 |
        Bailey |     62 |     62 |      0 |      0 |     44 |   1 |   62.0 |
               +--------+--------+--------+--------+--------+-----+--------+

Top non-repeatable levels by time:
     D:7: 1327 daAuts
     D:3: 1029 daAuts
     D:2: 741 daAuts
     D:4: 675 daAuts
     D:5: 589 daAuts
     D:6: 382 daAuts
     D:8: 166 daAuts
  Bailey: 62 daAuts
  Temple: 20 daAuts
